 Dungeon Crawl Stone Soup version 0.31-a0-222-gefeffbb62a (webtiles) character file.

Game seed: 5496621702890723347

110 qw the Shooter (level 4, -13/36 HPs)
             Began as a Minotaur Hexslinger on July 5, 2023.
             Mangled by Menkaure (22 damage)
             ... on level 4 of the Dungeon.
             The game lasted 00:00:56 (1897 turns).

qw the Shooter (Minotaur Hexslinger)                Turns: 1897, Time: 00:00:57

Health: -13/36     AC:  6    Str: 13    XL:     4   Next: 61%
Magic:  4/4        EV: 11    Int: 10    God:
Gold:   124        SH:  0    Dex: 14    Spells: 4/5 levels left

rFire   . . .        a - +3 sling (heavy)
rCold   . . .        (no shield)
rNeg    . . .        g - +0 ring mail
rPois   .            (helmet restricted)
rElec   .            i - scarf {repulsion}
rCorr   .            b - +0 pair of gloves
SInv    .            (no boots)
Will    .....        (no amulet)
Stlth   +            (no ring)
HPRegen 0.26/turn    (no ring)
MPRegen 0.09/turn

%: repel missiles
@: no status effects
A: horns 2, retaliatory headbutt
a: no special abilities


You were on level 4 of the Dungeon.
You visited 1 branch of the dungeon, and saw 4 of its levels.

You collected 124 gold pieces.


Innate Abilities, Weirdness & Mutations

You have a pair of horns on your head.
You reflexively headbutt those who attack you in melee.


   Skills:
 + Level 2.1 Fighting
 - Level 5.0 Ranged Weapons
 - Level 1.1 Armour
 - Level 2.1 Dodging
 - Level 1.0 Spellcasting
 - Level 2.0 Hexes


You had 4 spell levels left.
You knew the following spells:

 Your Spells              Type           Power      Damage    Failure   Level
a - Slow                  Hex            16%        N/A       32%         1

Your spell library contained the following spells:

 Spells                   Type           Power      Damage    Failure   Level
 Inner Flame              Hex/Fire       2%         N/A       82%         3
 Portal Projectile        Hex/Tloc       4%         N/A       82%         3
 Cause Fear               Hex            2%         N/A       97%         4

Inventory:

Hand Weapons
 a - a +3 heavy sling (weapon)
Armour
 b - a +0 pair of gloves (worn)
 e - a +0 cloak
 g - a +0 ring mail (worn)
 i - a scarf of repulsion (worn)
Scrolls
 j - a scroll of identify
 k - a scroll of teleportation
Potions
 c - a potion of might
 d - a potion of enlightenment {unknown}
 f - a potion of mutation {unknown}
 h - a potion of heal wounds {unknown}

Dungeon Overview and Level Annotations

Branches:
Dungeon (4/15)
 Temple: D:4-7

Altars:
Gozag

Annotations:
D:2 Jessica
D:3 1 runed translucent door, Crazy Yiuf
D:4 Menkaure


Message History

You kill the orc!
An orc comes into view. It is wielding a +0 hand axe.
Menkaure, Prince of Dust comes into view.
Your Ranged Weapons skill increases to level 5!
You shoot a sling bullet.
Menkaure shouts!
The orc shouts!
The sling bullet hits the orc.
The orc is lightly wounded.
Menkaure casts a spell.
Menkaure seems to speed up.
You shoot a sling bullet. The sling bullet hits the orc.
The orc is moderately wounded.
You shoot a sling bullet. The sling bullet barely misses the orc.
Menkaure gestures at you while chanting.
You barely resist. You shoot a sling bullet.
The sling bullet hits the orc but does no damage.
The orc is moderately wounded.
The orc closely misses you.
An orc comes into view. It is wielding a +0 dagger.
The orc closely misses you.
You shoot a sling bullet. The orc shouts!
The sling bullet hits the orc.
The orc is heavily wounded.
Menkaure closely misses you. The orc closely misses you.
Menkaure closely misses you. The orc closely misses you.
You shoot a sling bullet.
The sling bullet closely misses the orc.
Menkaure hits you. The orc closely misses you. You furiously retaliate!
You headbutt the orc. Menkaure hits you! The orc misses you.
You furiously retaliate!
You headbutt the orc!
You kill the orc!
You shoot a sling bullet. The sling bullet hits Menkaure!
Menkaure is heavily damaged.
Menkaure calls on the powers of darkness!
The orc convulses!
Your body is wracked with pain!
Menkaure closely misses you. Menkaure hits you!!
Ouch! That really hurt!
You die...

.. #...[..#
..### #......#
.....##......# .
...$........# ..
............#.#
.......)......#
.......oM...# .#
##@#.#.###.#
#....#.%<...
#.#..#.#..##.#
#.........##.#
.....######.##.#
...............#
.....).........#
...#..........<#
... ...#######.#


You could see Menkaure (fast) and an orc.

Vanquished Creatures
  4 adders (D:2)
  2 worms (D:3)
  2 dart slugs
  2 orcs (D:4)
  5 ball pythons
  3 endoplasms (D:1)
  4 giant cockroaches
  6 goblins
  7 hobgoblins
  3 jackals (D:1)
  2 quokkas
  7 bats
  4 frilled lizards
  5 kobolds
  3 rats
59 creatures vanquished.

Notes
Turn   | Place    | Note
-------+----------+-------------------------------------------
     0 | D:1      | qw the Minotaur Hexslinger began the quest for the Orb.
     0 | D:1      | Reached XP level 1. HP: 16/16 MP: 1/1
     0 | D:1      | 0 ||| qw: Version: 0.3-a-46-gb1f654a
     0 | D:1      | 0 ||| qw: Game counter: 1010
     0 | D:1      | 0 ||| qw: Melee chars always use a shield: true
     0 | D:1      | 0 ||| qw: God list: Okawaru
     0 | D:1      | 0 ||| qw: Allow faded altars: false
     0 | D:1      | 0 ||| qw: Do Orc after clearing Dungeon:15 true
     0 | D:1      | 0 ||| qw: Do second Lair branch before Depths: true
     0 | D:1      | 0 ||| qw: Lair rune preference: random
     0 | D:1      | 0 ||| qw: Goals: Normal
     0 | D:1      | 0 ||| PLANNING D:1-11
   121 | D:1      | Reached skill level 3 in Ranged Weapons
   121 | D:1      | Reached XP level 2. HP: 20/23 MP: 2/2
   125 | D:1      | 125 ||| FLEEEEING.
   126 | D:1      | 126 ||| FLEEEEING.
   127 | D:1      | 127 ||| FLEEEEING.
   130 | D:1      | 130 ||| FLEEEEING.
   131 | D:1      | 131 ||| FLEEEEING.
   132 | D:1      | 132 ||| FLEEEEING.
   258 | D:1      | Found a faded altar of an unknown god.
   440 | D:1      | Reached XP level 3. HP: 29/29 MP: 3/3
   572 | D:1      | 572 ||| UPGRADING to +0 cloak.
   577 | D:1      | 577 ||| UPGRADING to +0 ring mail.
   587 | D:1      | 587 ||| DROPPING +0 robe.
   588 | D:1      | 588 ||| READING scroll labelled HAUKLYFILUST.
   589 | D:1      | 589 ||| READING scroll labelled JAGGYC ZAGOE.
   593 | D:1      | 593 ||| DROPPING scroll of poison.
   623 | D:2      | 623 ||| STAIRDANCE
   642 | D:2      | 642 ||| SWAPPING to +2 sling of draining.
   643 | D:2      | 643 ||| DROPPING +1 sling.
   658 | D:2      | Reached skill level 4 in Ranged Weapons
   661 | D:2      | Reached skill level 1 in Armour
   755 | D:2      | Reached XP level 4. HP: 35/36 MP: 4/4
   877 | D:2      | 877 ||| Stepping ~*~*~tactically~*~*~ (outnumbered).
   980 | D:2      | 980 ||| UPGRADING to scarf of repulsion.
   990 | D:2      | 990 ||| READING 2 scrolls labelled RAXYTS RIMUCIG.
   991 | D:2      | 991 ||| READING scroll labelled NIAW KI CIEXUQ.
   992 | D:2      | 992 ||| READING scroll labelled BIONITROECU.
   993 | D:2      | 993 ||| DROPPING scroll of fog.
  1109 | D:3      | Found a runed translucent door.
  1110 | D:3      | Noticed Crazy Yiuf
  1188 | D:3      | Found an opulent altar of Gozag.
  1197 | D:3      | Found an opulent altar of Gozag.
  1203 | D:3      | Found an opulent altar of Gozag.
  1204 | D:3      | 1204 ||| UPGRADING to +0 pair of gloves.
  1221 | D:3      | 1221 ||| READING scroll of brand weapon.
  1221 | D:3      | 1221 ||| BRANDING +3 sling of flaming.
  1287 | D:3      | Noticed Jessica
  1289 | D:3      | 1289 ||| FLEEEEING.
  1290 | D:3      | 1290 ||| FLEEEEING.
  1291 | D:3      | 1291 ||| FLEEEEING.
  1292 | D:3      | 1292 ||| FLEEEEING.
  1293 | D:3      | 1293 ||| FLEEEEING.
  1294 | D:3      | 1294 ||| FLEEEEING.
  1301 | D:3      | 1301 ||| STAIRDANCE
  1318 | D:2      | 1318 ||| READING scroll labelled TEEQIMP KUEFODA.
  1327 | D:3      | 1327 ||| FLEEEEING.
  1329 | D:3      | 1329 ||| READING scroll of teleportation.
  1330 | D:3      | 1330 ||| FLEEEEING.
  1331 | D:3      | 1331 ||| STAIRDANCE
  1442 | D:3      | Found an opulent altar of Gozag.
  1848 | D:3      | 1848 ||| READING 2 scrolls of identify.
  1848 | D:3      | 1848 ||| IDENTIFYING orange potion
  1890 | D:4      | Noticed Menkaure
  1891 | D:4      | Reached skill level 5 in Ranged Weapons
  1897 | D:4      | HP: 9/36 [??? (6)]
  1897 | D:4      | Mangled by Menkaure

Levels and vault maps discovered:
D:1:      dpeg_arrival_rooms_c, layout_loops_cross,
          ebering_ecumenical_altar_rust
D:2:      layout_rooms, minmay_circled_x
D:3:      layout_loops_ring, nicolae_gozag_conspicuous_consumption,
          uniq_jessica, uniq_crazy_yiuf_cottage
D:4:      layout_basic, kennysheep_orc_sif_temple,
          minmay_temple_entry_enclosed_plants, serial_shops,
          nicolae_shop_pleasant_corner_grove, serial_glass, glass_columns_c,
          glass_columns_a, kennysheep_another_room, uniq_menkaure

Skill      XL: |  1  2  3  4 |
---------------+-------------+-----
Ranged Weapons | 3 4 5 |  5.0
Fighting       | 2 |  2.1
Armour         | 1 |  1.1
Dodging        | |  2.1
Spellcasting   | |  1.0
Hexes          | |  2.0

Action                     |  1- 3 |  4- 6 || total
---------------------------+-------+-------++-------
   Fire: Sling             |    87 |    72 ||   159
    Use: Scroll            |     2 |     7 ||     9
 Armour: Robe              |     3 |       ||     3
         Ring mail         |     6 |     8 ||    14
  Dodge: Dodged            |    31 |    27 ||    58

Table legend:
 A = Non-vault XP
 B = Vault XP
 C = Vault XP percentage of total XP
 D = Non-vault monster count
 E = Vault monster count
 F = Vault count percentage of total count
                 A         B        C        D         E       F
            +---------+---------+-------+---------+---------+-------
      Total |     153 |       5 |   3.2 |      55 |       4 |   6.8
            +---------+---------+-------+---------+---------+-------
        D:1 |      45 |       0 |   0.0 |      24 |       0 |   0.0
        D:2 |      80 |       5 |   5.9 |      18 |       4 |  18.2
        D:3 |      19 |       0 |   0.0 |       9 |       0 |   0.0
        D:4 |       9 |       0 |   0.0 |       4 |       0 |   0.0
            +---------+---------+-------+---------+---------+-------
